 Dungeon Crawl Stone Soup version 0.19-a0-1790-g026f1ef (webtiles) character file.

187 Proteus the Covert (level 5, -1/25 HPs)
             Began as a Spriggan Assassin on Oct 4, 2016.
             Slain by a worker ant (7 damage)
             ... on level 4 of the Dungeon.
             The game lasted 00:08:06 (3249 turns).

Proteus the Covert (Spriggan Assassin)              Turns: 3249, Time: 00:08:07

Health: -1/25      AC:  3    Str:  7    XL:     5   Next: 39%
Magic:  6/6        EV: 22    Int: 13    God:
Gold:   126        SH:  0    Dex: 23    Spells: 0 memorised, 4 levels left

rFire  . . .     SeeInvis +     t - +1 short sword (venom)
rCold  . . .     Gourm    .     c - +0 robe
rNeg   . . .     Faith    .     (shield restricted)
rPois  .         Spirit   .     (helmet restricted)
rElec  .         Dismiss  .     d - +0 cloak
rCorr  .         Reflect  .     (gloves unavailable)
MR     .....     Harm     .     (boots unavailable)
Stlth  +++++++...               u - amulet of magic regeneration
                                (no ring)
                                (no ring)

@: agile, lethally poisoned (-1 -> -7), very quick
A: unfitting armour, see invisible, herbivore 3, speed 3, slow metabolism 2
a: no special abilities


You were on level 4 of the Dungeon.
You were not hungry.

You visited 1 branch of the dungeon, and saw 4 of its levels.

You collected 126 gold pieces.

Inventory:

Hand Weapons
 a - a +2 dagger
 b - a +0 blowgun
 s - a +0 dagger of draining
 t - a +1 short sword of venom (weapon)
Missiles
 e - 12 poisoned needles
 f - 2 curare-tipped needles
 r - 2 needles of confusion
Armour
 c - a +0 robe (worn)
 d - a +0 cloak (worn)
Jewellery
 u - an amulet of magic regeneration (around neck)
Scrolls
 j - 2 scrolls of remove curse
 q - 2 scrolls of fog
Potions
 h - a potion of ambrosia
 k - a potion of might
 l - a potion of resistance
 n - a potion of invisibility
 p - a potion of haste {unknown}
 v - a potion of berserk rage {unknown}
Comestibles
 g - 3 bread rations
 i - 3 fruits
 m - a slice of pizza


   Skills:
 - Level 1.5 Fighting
 - Level 2.1 Short Blades
 - Level 2.0 Throwing
 - Level 1.5 Dodging
 + Level 10.2 Stealth


You had 4 spell levels left.
You didn't know any spells.

Dungeon Overview and Level Annotations

Branches:
Dungeon (4/15)
 Temple: D:4-7

Altars:
Ashenzari

Annotations:
D:4 Bzzz's ghost, novice SpAs


Innate Abilities, Weirdness & Mutations

You are very small and have problems with some larger weapons.
You are too small for most types of armour.
You have supernaturally acute eyesight. (SInv)
You are a herbivore.
You cover ground extremely quickly.
You need consume almost no food.


Message History

The worker ant bites you.
You barely miss the worker ant. The worker ant completely misses you.
You hit the worker ant but do no damage.
The worker ant is poisoned.
The worker ant barely misses you.
You barely miss the worker ant.
The worker ant is moderately wounded.
The worker ant misses you. The worker ant bites you!
You are poisoned.
The worker ant poisons you!
You closely miss the worker ant.
The worker ant is heavily wounded.
You feel sick. The worker ant bites you.
* * * LOW HITPOINT WARNING * * *
You are too injured to fight recklessly!
You are too injured to fight recklessly!
You are too injured to fight recklessly!
It was a potion of agility.
You feel agile all of a sudden. The worker ant bites you!
You die...

.. ### ...
... .... .
### ...#
###..
#..#####.....
###
#..#a.......
....
#..@....#
....
##...####
..... ##.##
...... #..###
.......#
##....###.
.......#
##.).......
.......#
#....8.....
......#
##.........#
......#
##...)).....#


You could see a worker ant.

Vanquished Creatures
  Robin (D:4)
  8 adders
  A worm (D:2)
  A dart slug (D:3)
  2 leopard geckos (D:3)
  7 orcs (D:3)
  9 bats
  2 giant cockroaches (D:3)
  16 goblins
  11 hobgoblins
  3 jackals (D:3)
  4 quokkas (D:2)
  2 ball pythons
  3 frilled lizards
  13 kobolds
  2 rats
85 creatures vanquished.

Notes
Turn   | Place    | Note
-------+----------+-------------------------------------------
     0 | D:1      | Proteus the Spriggan Assassin began the quest for the Orb.
     0 | D:1      | Reached XP level 1. HP: 10/10 MP: 2/2
    13 | D:1      | Reached skill level 6 in Stealth
   257 | D:1      | Reached XP level 2. HP: 14/14 MP: 3/3
   545 | D:2      | Reached skill level 7 in Stealth
   620 | D:2      | Reached XP level 3. HP: 18/18 MP: 4/4
   702 | D:2      | Reached skill level 8 in Stealth
  1844 | D:3      | Reached XP level 4. HP: 22/22 MP: 5/5
  2192 | D:3      | Reached skill level 9 in Stealth
  2289 | D:3      | Found a shattered altar of Ashenzari.
  2733 | D:3      | Reached XP level 5. HP: 25/25 MP: 6/6
  2978 | D:4      | Noticed Bzzz's ghost (novice SpAs)
  3129 | D:4      | Noticed Robin
  3138 | D:4      | Reached skill level 10 in Stealth
  3141 | D:4      | Killed Robin
  3249 | D:4      | Slain by a worker ant

Vault maps used:
D:1:      ncdulo_lavacross
D:3:      minmay_diamond_boxcup, ashenzari_altar_1, first_bread
D:4:      black_bear_nest_2, serial_column_ruins, column_ruins_open_tiny,
          column_ruins_grid_1, column_ruins_corridor_T,
          column_ruins_open_medium_water, column_ruins_grid_1,
          column_ruins_corridor_plus, tso_altar, uniq_robin

Skill      XL: |  1  2  3  4  5 |
---------------+----------------+-----
Stealth        | 6 7 8 9 10 | 10.2
Fighting       | |  1.5
Short Blades   | |  2.1
Throwing       | |  2.0
Dodging        | |  1.5

Action                   |  1- 3 |  4- 6 || total
-------------------------+-------+-------++-------
Melee: Dagger            |    60 |       ||    60
       Short sword       |    15 |    90 ||   105
 Fire: Blowgun           |     8 |       ||     8
  Use: Potion            |     1 |     2 ||     3
       Scroll            |       |     7 ||     7
 Stab: Sleeping          |    20 |    16 ||    36
       Distracted        |       |     1 ||     1
       Invisible         |       |     4 ||     4
Armor: Robe              |     7 |     4 ||    11
Dodge: Dodged            |    49 |    50 ||    99
